 Dungeon Crawl Stone Soup version 0.25.1-1-g288607f5aa (webtiles) character file.

Game seed: 1814653150199942834

1969 Descartes the Covert (level 9, -7/39 HPs)
             Began as a Felid Wanderer on July 28, 2020.
             Mangled by a yak (15 damage)
             ... on level 10 of the Dungeon.
             The game lasted 00:27:41 (16113 turns).

Descartes the Covert (Felid Wanderer)              Turns: 16113, Time: 00:27:41

Health: -7/39      AC:  8    Str: 11    XL:     9   Next: 0%
Magic:  14/14      EV: 28    Int: 15    God:
Gold:   527        SH:  0    Dex: 23    Spells: 14/14 levels left
                                        Lives:  0   Deaths: 2

rFire    . . .     SeeInvis +     - Unarmed
rCold    . . .     Gourm    .   (shield unavailable)
rNeg     . . .     Faith    .   (armour unavailable)
rPois    .         Spirit   .   (helmet unavailable)
rElec    .         Reflect  .   (cloak unavailable)
rCorr    .         Harm     .   (gloves unavailable)
MR       +....                  (boots unavailable)
Stlth    ++++++....             (no amulet)
HPRegen  0.13/turn              s - +4 ring of protection
MPRegen  0.14/turn              w - +6 ring of dexterity

@: quick
A: very small, no armour, no weapons or thrown items, stealth, claws 1, fangs 3,
slimy green scales 1, see invisible, carnivore, speed 1, shaggy fur 2, slow
metabolism 1, strong 1, sharp paws
a: no special abilities


You were on level 10 of the Dungeon.
You were not hungry.

You visited 3 branches of the dungeon, and saw 12 of its levels.
You also visited: Sewer.

You collected 527 gold pieces.

Inventory:

Missiles
 d - 273 stones
 f - 185 arrows
Jewellery
 s - a +4 ring of protection (left paw)
 w - a +6 ring of dexterity (right paw)
 A - an uncursed ring of ice {unknown}
 D - an uncursed amulet of magic regeneration {unknown}
Wands
 p - a wand of iceblast (6)
 q - a wand of digging (8)
 x - a wand of flame (15)
 z - a wand of enslavement (6)
Scrolls
 h - 2 scrolls of blinking {unknown}
 i - 6 scrolls of remove curse {unknown}
 k - 3 scrolls of fear {unknown}
 l - 6 scrolls of fog {unknown}
 o - a scroll of magic mapping {unknown}
 r - a scroll of amnesia {unknown}
 t - a scroll of enchant weapon {unknown}
 v - 6 scrolls of teleportation {unknown}
 y - a scroll of summoning
 B - a scroll of random uselessness {unknown}
Potions
 a - 3 potions of haste
 b - 4 potions of curing
 e - 2 potions of cancellation
 g - 5 potions of might
 j - 2 potions of brilliance
 m - 3 potions of invisibility
 n - a potion of flight
 u - a potion of lignification
 C - 2 potions of heal wounds
Comestibles
 c - 23 rations


   Skills:
 + Level 3.9 Fighting
 - Level 10.0 Dodging
 + Level 13.6 Stealth
 + Level 9.0 Unarmed Combat
 - Level 3.0 Spellcasting
 - Level 5.0 Evocations


You had 14 spell levels left.
You didn't know any spells.
Your spell library contained the following spells:

 Spells                   Type           Power        Failure   Level  Hunger
 Animate Skeleton         Necr           N/A          21%         1    #......
 Pain                     Necr           #...         21%         1    #......
 Vampiric Draining        Necr           #.........   52%         3    ###....
 Animate Dead             Necr           N/A          89%         4    #####..
 Agony                    Necr           #.......     99%         5    ######.


Dungeon Overview and Level Annotations

Branches:
Dungeon (10/15)            Temple (1/1) D:7            Lair (1/6) D:9
  Sewer (visited)
    Orc: D:9-12

Altars:
Ashenzari
Cheibriados
Dithmenos
Elyvilon
Fedhas
Gozag
Hepliaklqana
Kikubaaqudgha
Makhleb
Nemelex Xobeh
Okawaru
Qazlal
Ru
Sif Muna
Trog
Uskayaw
Vehumet
Wu Jian
Xom
Yredelemnul
Zin
The Shining One

Shops:
D:9 [   D:10 (


Innate Abilities, Weirdness & Mutations

You cannot wear armour.
You are incapable of wielding weapons or throwing items.
Your paws allow you to move quietly. (Stealth)
You have sharp claws.
You have razor-sharp teeth.
You have supernaturally acute eyesight. (SInv)
You are carnivorous and can eat meat at any time.
You cover ground quickly.
You are covered in thick fur. (AC +2)
You have a slow metabolism.
Your sharp claws are effective at attacking unaware monsters.
You are partially covered in slimy green scales. (AC +2)
Your muscles are strong. (Str +2)


Message History

Things that are here:
a chunk of flesh; an adder skeleton You barely miss the yak.
The yak is lightly wounded.
You barely miss the yak.
The yak is lightly wounded.
You claw the yak!
You kill the yak!
Welcome back to level 9!
You claw the yak! You bite the yak.
The yak is heavily wounded.
You scratch the yak.
The yak is severely wounded.
You scratch the yak but do no damage. You bite the yak.
The yak is severely wounded.
You barely miss the yak. Your bite misses the yak. You claw the yak!
The yak is moderately wounded.
The yak gores you!
You die...

##.........8# ##.#
............###..###
.........8.∩<8.....#
............#......##
...........8........##
.....................##
.............##.......# #..
.................Y....#....
..........#.....@#.....>...
♣.....###........#....[....
♣......##........%.......#.
♣...#......#.....#..#....#
♣.###.(...##.......##.....#
♣# ##.†....................
♣###.......................
.<.#........#.........###..
...........##.....#.#.#


You could see a yak.

Vanquished Creatures
  The ghost of TangoThomas the Thrower, a novice CeAM of Ashenzari (D:8)
  Pikel (D:5)
  Prince Ribbit (D:8)
  5 humans (D:7)
  2 yaks (D:10)
  A hungry ghost (D:8)
  A water moccasin (D:7)
  2 porcupines (Lair:1)
  2 orc warriors
  A black bear (D:7)
  A slave (D:6)
  An ice beast (D:5)
  2 phantoms
  3 sky beasts
  A necrophage (D:7)
  5 ogres
  2 centaurs
  3 bullfrogs
  Blork the orc (D:6)
  A scorpion (D:4)
  5 wights (D:5)
  2 crimson imps
  7 hounds
  2 gnoll shamans
  2 bullfrog skeletons
  2 centaur skeletons
  3 orc priests
  4 iguanas
  9 orc wizards
  5 worker ants
  A hound zombie (D:8)
  A worker ant zombie (D:6)
  Robin (D:2)
  7 gnolls
  12 adders
  2 river rats (D:4)
  4 shadow imps
  An adder skeleton (D:6)
  4 worms
  6 leopard geckos
  37 orcs
  5 ball pythons
  2 giant cockroaches
  12 goblins
  7 hobgoblins
  19 jackals
  10 kobolds
  3 quokkas
  5 bats
  12 frilled lizards
  A quokka zombie (D:7)
  7 rats
  4 plants (Sewer)
241 creatures vanquished.

Vanquished Creatures (others)
  11 plants
  2 withered plants (D:8)
13 creatures vanquished.

Grand Total: 254 creatures vanquished

Notes
Turn   | Place    | Note
-------+----------+-------------------------------------------
     0 | D:1      | Descartes the Felid Wanderer began the quest for the Orb.
     0 | D:1      | Descartes set off with the following items: a potion of
                  | haste, 2 potions of curing, a ration
     0 | D:1      | Reached XP level 1. HP: 9/9 MP: 2/2
   330 | D:1      | Reached XP level 2. HP: 12/12 MP: 3/3
   335 | D:1      | Reached skill level 5 in Stealth
   847 | D:2      | Reached XP level 3. HP: 8/15 MP: 4/4
   983 | D:2      | Found an opulent altar of Gozag.
  1001 | D:2      | Reached skill level 6 in Stealth
  1506 | D:2      | Found a bloodstained altar of Trog.
  1507 | D:2      | Found a shadowy altar of Dithmenos.
  1802 | D:2      | Noticed Robin
  1817 | D:2      | Killed Robin
  1817 | D:2      | Reached XP level 4. HP: 14/19 MP: 5/5
  1827 | D:2      | Reached skill level 7 in Stealth
  2912 | D:3      | Found a radiant altar of Vehumet.
  3517 | D:3      | Gained mutation: Your muscles are strong. (Str +2) [potion
                  | of mutation]
  3517 | D:3      | Gained mutation: You are partially covered in slimy green
                  | scales. (AC +2) [potion of mutation]
  3552 | D:4      | Reached XP level 5. HP: 22/22 MP: 6/6
  3565 | D:4      | Found a glowing drain.
  3576 | Sewer    | Entered a sewer
  5002 | D:4      | Reached skill level 5 in Dodging
  5217 | D:4      | Gained mutation: You are covered in thick fur. (AC +2)
                  | [Felid growth]
  5217 | D:4      | Reached XP level 6. HP: 4/25 MP: 7/7
  5699 | D:4      | Found a basalt altar of Yredelemnul.
  6253 | D:5      | Entered Level 5 of the Dungeon
  6392 | D:5      | Noticed a sky beast
  6398 | D:5      | Noticed an ice beast
  6399 | D:5      | Killed a sky beast
  6399 | D:5      | Reached skill level 8 in Stealth
  6399 | D:5      | Reached XP level 7. HP: 28/28 MP: 8/8
  6929 | D:5      | Reached skill level 9 in Stealth
  7222 | D:5      | Noticed an angel
  7223 | D:5      | Found a glowing silver altar of Zin.
  7258 | D:5      | Found a shattered altar of Ashenzari.
  7999 | D:5      | Reached XP level 8. HP: 32/32 MP: 9/9
  8174 | D:4      | Found a basalt altar of Yredelemnul.
  9164 | D:5      | Found a glowing silver altar of Zin.
  9379 | D:5      | Found a shattered altar of Ashenzari.
  9581 | D:6      | Found a sacrificial altar of Ru.
  9600 | D:5      | Reached skill level 10 in Stealth
  9750 | D:6      | Noticed Pikel
  9812 | D:5      | Killed Pikel
  9812 | D:5      | Reached skill level 10 in Dodging
  9965 | D:6      | Found a shimmering altar of Xom.
 10282 | D:6      | Found a hazy altar of Hepliaklqana.
 10290 | D:6      | Reached skill level 11 in Stealth
 10290 | D:6      | Reached XP level 9. HP: 35/35 MP: 12/12
 10389 | D:6      | Noticed Blork the orc
 10401 | D:6      | Killed Blork the orc
 10593 | D:7      | Found a staircase to the Ecumenical Temple.
 10819 | Temple   | Entered the Ecumenical Temple
 11489 | D:7      | Found a blossoming altar of Fedhas.
 12040 | D:7      | Reached skill level 5 in Evocations
 12162 | D:7      | Reached skill level 12 in Stealth
 12770 | D:7      | Reached skill level 1 in Spellcasting
 12967 | D:8      | Reached XP level 10. HP: 40/40 MP: 14/14
 13116 | D:8      | Noticed Prince Ribbit
 13385 | D:8      | Found a runed translucent door.
 13386 | D:8      | Noticed TangoThomas's ghost (novice CeAM)
 13488 | D:8      | Killed Prince Ribbit
 13562 | D:8      | Reached skill level 13 in Stealth
 14325 | D:8      | Killed TangoThomas's ghost
 14635 | D:9      | Found a white marble altar of Elyvilon.
 14650 | D:9      | Found an ancient bone altar of Kikubaaqudgha.
 14817 | D:9      | Found Cyobanoh's Armour Emporium.
 15208 | D:9      | Mangled by a komodo dragon
 15209 | D:9      | Reached XP level 9. HP: -11/38 MP: 14/14
 15352 | D:9      | Found a staircase to the Lair.
 15653 | D:9      | Found an ornate altar of the Wu Jian Council.
 15670 | D:9      | Killed from afar by an orc priest
 15671 | D:9      | Reached XP level 8. HP: -4/34 MP: 13/13
 15697 | Lair:1   | Entered Level 1 of the Lair of Beasts
 15971 | Lair:1   | Noticed a komodo dragon
 15974 | Lair:1   | Noticed a rime drake
 16008 | D:10     | Entered Level 10 of the Dungeon
 16034 | D:10     | Found Metar's Antique Weapon Shop.
 16105 | D:10     | Reached XP level 9. HP: 7/39 MP: 14/14
 16113 | D:10     | Mangled by a yak

Illustrated notes

Levels and vault maps discovered:
D:1:      dpeg_arrival_simpleton_c, layout_basic
D:2:      layout_loops_ring, grunt_temple_overflow_open, lemuel_doored_altar,
          uniq_robin
D:3:      layout_basic, vehumet_crystals, minmay_misc_feat_secret_circle
D:4:      minmay_inner_zag, layout_layer_cave, nicolae_overflow_crystal_walls,
          cheibrodos_sewer_entry_sluice
D:5:      layout_rooms, zin_angel, first_ration, evilmike_ruin_ashenzari
D:6:      layout_rooms, lemuel_round_altar, old_standard_altar,
          marbit_many_paths, uniq_blork_the_orc, uniq_pikel
D:7:      layout_basic, fedhas_ov_isle_minmay,
          minmay_temple_entry_gardened_gates, grunt_ogre_cave, minmay_ruffians
D:8:      layout_layer_cave, gammafunk_ghost_grave, uniq_prince_ribbit1
D:9:      layout_loops_ring, elyvilon_altar_5, kennysheep_little_box,
          lemuel_crystal_altar, david_lair_shrubbed, serial_shops, shop,
          small_statue_intersection, minivault_25
D:10:     cheibrodos_elevator_heist, layout_cave_pools, serial_shops,
          nicolae_shop_statue_plus, serial_bayou_ford_a,
          small_statue_intersection, kennysheep_generic_room_4
Temple:   jpeg_temple_island
Lair:1:   layout_gridlike, minivault_19, beast_lair_carwin_9

Skill      XL: |  1  2  3  4  5  6  7  8  9 10 |
---------------+-------------------------------+-----
Stealth        | 5 6 7 8 9 11 12 13 | 13.6
Dodging        | 4 6 7 9 10 | 10.0
Evocations     | 3 5 |  5.0
Unarmed Combat | 9 8 |  9.0
Spellcasting   | 3 1 2 |  3.0
Fighting       | 3 |  3.9

Action                   |  1- 3 |  4- 6 |  7- 9 | 10-12 || total
-------------------------+-------+-------+-------+-------++-------
Melee: Unarmed           |    92 |   383 |   491 |   151 ||  1117
       Bite              |     9 |    48 |    44 |    17 ||   118
       Punch             |       |    10 |    22 |     5 ||    37
  Use: Scroll            |       |     4 |     4 |     1 ||     9
       Potion            |       |     2 |     5 |     1 ||     8
 Stab: Sleeping          |     8 |    17 |    22 |     9 ||    56
       Distracted        |       |     1 |     2 |       ||     3
  Eat: Chunk             |     9 |    10 |    20 |     4 ||    43
Armor: Skin              |     5 |    15 |    26 |    10 ||    56
Dodge: Dodged            |    60 |   210 |   350 |    90 ||   710
